 Dungeon Crawl Stone Soup version 0.24-a0-176-gc3651c4 (webtiles) character file.

Game seed: 11632050873625270980

294 Dfrag the Firebug (level 6, 23/41 HPs)
             Began as a Demonspawn Fire Elementalist on Mar 12, 2019.
             Quit the game on level 3 of the Dungeon.
             The game lasted 00:04:09 (2835 turns).

Dfrag the Firebug (Demonspawn Fire Elementalist)    Turns: 2835, Time: 00:04:10

Health: 23/41      AC:  3    Str:  8    XL:     6   Next: 11%
Magic:  4/11       EV: 12    Int: 19    God:
Gold:   90         SH:  0    Dex: 13    Spells: 11/12 levels left

rFire    . . .     SeeInvis .   n - +0 falchion
rCold    . . .     Gourm    .   (no shield)
rNeg     . . .     Faith    .   a - +0 robe
rPois    .         Spirit   .   (helmet restricted)
rElec    .         Reflect  .   (no cloak)
rCorr    .         Harm     .   g - +0 pair of gloves
MR       .....                  (no boots)
Stlth    ++........             (no amulet)
HPRegen  0.13/turn              (no ring)
MPRegen  0.12/turn              (no ring)

@: no status effects
A: horns 2, spiny 1
a: no special abilities


You were on level 3 of the Dungeon.
You were not hungry.

You visited 1 branch of the dungeon, and saw 3 of its levels.

You collected 90 gold pieces.

Inventory:

Hand Weapons
 n - a +0 falchion (weapon)
Armour
 a - a +0 robe (worn)
 g - a +0 pair of gloves (worn)
Wands
 o - a wand of iceblast (3)
Scrolls
 d - 2 scrolls of enchant weapon {unknown}
 e - 5 scrolls of remove curse {unknown}
 f - 3 scrolls of identify {unknown}
 k - a scroll of fog {unknown}
 m - a scroll of immolation {unknown}
 p - a scroll of teleportation {unknown}
Potions
 b - 5 potions of curing {unknown}
 h - 2 potions of degeneration {unknown}
 i - a potion of flight {unknown}
 j - a potion of berserk rage {unknown}
 l - a potion of might {unknown}
Comestibles
 c - 7 rations


   Skills:
 - Level 1.7 Dodging
 - Level 1.7 Stealth
 + Level 3.7 Spellcasting
 + Level 3.5 Conjurations
 + Level 4.2 Fire Magic


You had 11 spell levels left.
You knew the following spells:

 Your Spells              Type           Power        Failure   Level  Hunger
a - Flame Tongue          Conj/Fire      ###..        2%          1    None

Your spell library contained the following spells:

 Spells                   Type           Power        Failure   Level  Hunger
 Throw Flame              Conj/Fire      ###...       4%          2    ##.....
 Conjure Flame            Conj/Fire      ###.....     9%          3    ###....
 Inner Flame              Hex/Fire       ##......     19%         3    ###....
 Sticky Flame             Conj/Fire      ###.....     28%         4    ####...
 Fireball                 Conj/Fire      ###.......   61%         5    ######.


Dungeon Overview and Level Annotations

Branches:
Dungeon (3/15)

Altars:


Innate Abilities, Weirdness & Mutations

You have a pair of horns on your head.
You are partially covered in sharp spines.


Message History

Aiming: Flame Tongue (safe; 3% risk of failure)
Press: ? - help, Shift-Dir - straight line, f - orc priest
Aim: an orc priest, wielding a +0 flail (severely wounded)
The flame tongue hits the orc priest.
You kill the orc priest!
You have reached level 6!
Your experience leads to an increase in your attributes!
Increase (S)trength, (I)ntelligence, or (D)exterity?
You feel clever.
Your demonic ancestry asserts itself...
Sharp spines emerge from parts of your body.
Casting: Flame Tongue (safe; 3% risk of failure)
Confirm with . or Enter, or press ? or * to list all spells.
Aiming: Flame Tongue (safe; 3% risk of failure)
Press: ? - help, Shift-Dir - straight line, f - orc
Aim: an orc, wielding a +0 morningstar The flame tongue hits the orc!
You kill the orc!
Things that are here:
a +0 morningstar; a +0 flail; a frilled lizard corpse Are you sure you want to abandon this character and quit the game? (Confirm with "yes".)

..........####### ...
.###...................#######
...........................)>.
..#..............รท......######.
#..#..............)......# #.
......................(..# #.
.............#.......#### #.
#...................### #.
##.......))..)@........# #.
.#......).....)........# #.
##.#...........o.........## #.
...#.......................
...#.......................
...#..................###.##
#)##...........####...###.#
#[##...........####.......#
...................#......#


You could see an orc.

Vanquished Creatures
  2 orc priests (D:3)
  3 orc wizards (D:3)
  5 adders (D:2)
  A gnoll (D:1)
  A worm (D:2)
  2 dart slugs
  3 leopard geckos (D:1)
  18 orcs (D:3)
  A giant cockroach (D:2)
  8 goblins
  4 hobgoblins
  A jackal (D:2)
  8 kobolds
  A quokka (D:2)
  10 bats
  3 frilled lizards
  4 rats
75 creatures vanquished.

Notes
Turn   | Place    | Note
-------+----------+-------------------------------------------
     0 | D:1      | Dfrag the Demonspawn Fire Elementalist began the quest for
                  | the Orb.
     0 | D:1      | Reached XP level 1. HP: 13/13 MP: 3/3
   141 | D:1      | Gained mutation: You have a pair of small horns on your
                  | head. [demonic ancestry]
   141 | D:1      | Reached XP level 2. HP: 5/19 MP: 3/5
   259 | D:1      | Reached skill level 3 in Fire Magic
   768 | D:1      | Reached XP level 3. HP: 24/24 MP: 4/6
  1657 | D:2      | Gained mutation: You have a pair of horns on your head.
                  | [demonic ancestry]
  1657 | D:2      | Reached XP level 4. HP: 30/30 MP: 5/8
  2441 | D:3      | Reached XP level 5. HP: 26/35 MP: 0/9
  2617 | D:3      | Reached skill level 4 in Fire Magic
  2832 | D:3      | Gained mutation: You are partially covered in sharp spines.
                  | [demonic ancestry]
  2832 | D:3      | Reached XP level 6. HP: 23/41 MP: 4/11
  2835 | D:3      | Quit the game

Levels and vault maps discovered:
D:1:      dpeg_arrival_yet_another_circle, layout_basic
D:2:      layout_loops_ring, minmay_quadrilaterals
D:3:      layout_basic, uniq_crazy_yiuf_cottage

Skill      XL: |  1  2  3  4  5 |
---------------+----------------+-----
Fire Magic     | 3 4 |  4.2
Conjurations   | 2 3 |  3.5
Spellcasting   | 3 |  3.7
Dodging        | |  1.7
Stealth        | |  1.7

Action                   |  1- 3 |  4- 6 || total
-------------------------+-------+-------++-------
Melee: Unarmed           |    29 |    15 ||    44
       Headbutt          |     1 |     5 ||     6
       Falchion          |       |    16 ||    16
 Cast: Flame Tongue      |    71 |    81 ||   152
Evoke: Wand              |       |     2 ||     2
  Eat: Chunk             |     2 |     4 ||     6
Armor: Robe              |    19 |    12 ||    31
Dodge: Dodged            |    58 |    44 ||   102
       Rpst.: Falchion   |       |     9 ||     9

Table legend:
 A = Non-vault XP
 B = Vault XP
 C = Vault XP percentage of total XP
 D = Non-vault monster count
 E = Vault monster count
 F = Vault count percentage of total count
                 A         B        C        D         E       F
            +---------+---------+-------+---------+---------+-------
      Total |     384 |      36 |   8.6 |      68 |       7 |   9.3
            +---------+---------+-------+---------+---------+-------
        D:1 |      56 |       0 |   0.0 |      23 |       0 |   0.0
        D:2 |      59 |      36 |  37.9 |      14 |       7 |  33.3
        D:3 |     269 |       0 |   0.0 |      31 |       0 |   0.0
            +---------+---------+-------+---------+---------+-------
